 Dungeon Crawl Stone Soup version 0.22-a0-570-g58866f5 (webtiles) character file.

197 kae the Chopper (level 5, -1/51 HPs)
             Began as a Deep Dwarf Fighter on June 30, 2018.
             Succumbed to a scorpion's poison
             ... on level 4 of the Dungeon.
             The game lasted 00:01:46 (2495 turns).

kae the Chopper (Deep Dwarf Fighter)                Turns: 2495, Time: 00:01:47

Health: -1/51      AC: 10    Str: 21    XL:     5   Next: 46%
Magic:  4/4        EV:  7    Int:  8    God:
Gold:   230        SH:  9    Dex: 12    Spells: 4/4 levels left

rFire    . . .     SeeInvis .   a - +0 war axe
rCold    . . .     Gourm    .   c - +0 shield
rNeg     . . .     Faith    .   b - +0 scale mail
rPois    .         Spirit   .   g - +0 helmet
rElec    .         Reflect  .   l - +1 cloak
rCorr    .         Harm     .   (no gloves)
MR       .....                  (no boots)
Stlth    ..........             (no amulet)
HPRegen  0.00/turn              (no ring)
MPRegen  0.09/turn              (no ring)

@: lethally poisoned (-1 -> -21), non-regenerating
A: damage resistance, heal wounds, sense surroundings 1, no regeneration
a: Heal Wounds


You were on level 4 of the Dungeon.
You were very hungry.

You visited 1 branch of the dungeon, and saw 4 of its levels.

You collected 230 gold pieces.

Inventory:

Hand Weapons
 a - a +0 war axe (weapon)
Armour
 b - a +0 scale mail (worn)
 c - a +0 shield (worn)
 g - a +0 helmet (worn)
 l - a +1 cloak (worn)
Wands
 r - a wand of clouds (3)
Scrolls
 e - a scroll of identify
 m - a scroll of magic mapping {unknown}
 p - a scroll of teleportation {unknown}
Potions
 d - 2 potions of might
 h - a potion of cancellation
 i - a potion of degeneration
 o - a potion of magic
 q - a potion of flight
Comestibles
 f - 4 rations


   Skills:
 + Level 4.4 Fighting
 + Level 4.7 Axes
 - Level 3.2 Armour
 - Level 3.2 Shields


You had 4 spell levels left.
You didn't know any spells.
Your spell library was empty.

Dungeon Overview and Level Annotations

Branches:
Dungeon (4/15)
 Temple: D:4-7

Altars:


Innate Abilities, Weirdness & Mutations

You are resistant to damage.
You can heal yourself by infusing magical energy.
You passively map a small area around you.
You do not regenerate.


Message History

The scorpion is severely wounded.
You closely miss the adder skeleton.
* * * LOW HITPOINT WARNING * * *
You feel very sick.
The adder skeleton bites you but does no damage.
The scorpion stings you.
You are more poisoned.
The scorpion poisons you!
You completely miss the scorpion.
The scorpion is severely wounded.
You hit the adder skeleton.
* * * LOW HITPOINT WARNING * * *
You feel very sick. The adder skeleton closely misses you.
The scorpion stings you but does no damage.
You block the adder skeleton's attack.
You closely miss the scorpion.
The scorpion is severely wounded.
Your shield and scale mail prevent you from hitting the adder skeleton.
You die...

* *, ,#.#.## #.. ,
,,,#.#.# , ..., *##* *
#.#.# ,#.# ....###.#.##
, * , #.#, ............
, ####.# * ##.###.#.##
, ....# *** ,#.#.## *
#Zs# ,, #.#...
#####.@###########.####
...................)#
######..#############
####


You could see a scorpion and an adder skeleton.

Vanquished Creatures
  A hound (D:4)
  Crazy Yiuf (D:2)
  7 adders (D:3)
  An ooze (D:1)
  A worm (D:2)
  2 dart slugs (D:3)
  2 orcs
  2 ball pythons
  4 giant cockroaches
  A goblin (D:1)
  9 hobgoblins
  6 jackals
  11 kobolds
  7 bats
  2 frilled lizards (D:3)
  9 rats
66 creatures vanquished.

Notes
Turn   | Place    | Note
-------+----------+-------------------------------------------
     0 | D:1      | kae the Deep Dwarf Fighter began the quest for the Orb.
     0 | D:1      | Reached XP level 1. HP: 20/20 MP: 1/1
    72 | D:1      | Reached XP level 2. HP: 28/28 MP: 2/2
   535 | D:1      | Reached XP level 3. HP: 31/34 MP: 3/3
   854 | D:2      | Found a runed door.
  1472 | D:2      | Noticed Crazy Yiuf
  1477 | D:2      | Killed Crazy Yiuf
  1477 | D:2      | Reached XP level 4. HP: 33/44 MP: 4/4
  1909 | D:3      | Reached XP level 5. HP: 38/50 MP: 4/4
  2495 | D:4      | Succumbed to a scorpion's poison

Vault maps used:
D:1:      lightli_molten_gateway
D:2:      first_ration, uniq_crazy_yiuf_cottage
D:3:      minivault_25, saegor_snake_ambush
D:4:      kennysheep_mini_moat, lemuel_blue_sif_altar, temple_fountains

Skill      XL: |  1  2  3  4 |
---------------+-------------+-----
Fighting       | 3 4 |  4.4
Axes           | 3 4 |  4.7
Armour         | |  3.2
Shields        | |  3.2

Action                   |  1- 3 |  4- 6 || total
-------------------------+-------+-------++-------
Melee: War axe           |    79 |   129 ||   208
 Abil: Heal Wounds       |       |     1 ||     1
  Use: Potion            |     1 |       ||     1
       Scroll            |       |     6 ||     6
  Eat: Ration            |       |     1 ||     1
       Chunk             |       |     1 ||     1
Armor: Scale mail        |    49 |    60 ||   109
Dodge: Dodged            |    40 |    35 ||    75
Block: Shield            |    61 |    68 ||   129

Table legend:
 A = Spawn XP
 B = Non-spawn XP
 C = Spawn XP percentage of total XP
 D = Spawn monster count
 E = Non-spawn monster count
 F = Spawn count percentage of total count
 G = Total turns spent on level
                    A         B        C        D         E        F      G
               +---------+---------+-------+---------+---------+-------+---------
         Total |       0 |     282 |   0.0 |       0 |      66 |   0.0 |  2495
               +---------+---------+-------+---------+---------+-------+---------
           D:1 |       0 |      41 |   0.0 |       0 |      22 |   0.0 |   677
           D:2 |       0 |      59 |   0.0 |       0 |      11 |   0.0 |   861
           D:3 |       0 |     137 |   0.0 |       0 |      31 |   0.0 |   893
           D:4 |       0 |      45 |   0.0 |       0 |       2 |   0.0 |    64
               +---------+---------+-------+---------+---------+-------+---------
